 Dungeon Crawl Stone Soup version 0.31.0-32-g396128a36d (webtiles) character file.

Game seed: 16647885594607965533

798 Gabide the Conjurer (level 7, -8/52 HPs)
             Began as a Demonspawn Conjurer on Apr 8, 2024.
             Was an Initiate of Dithmenos.
             Killed from afar by a steam dragon (19 damage)
             ... with a ball of steam
             ... on level 5 of the Dungeon.
             The game lasted 00:07:33 (5599 turns).

Gabide the Conjurer (Demonspawn Conjurer)           Turns: 5599, Time: 00:07:33

Health: -8/52      AC:  3    Str:  8    XL:     7   Next: 58%
Magic:  2/14       EV: 12    Int: 20    God:    Dithmenos [......]
Gold:   208        SH:  0    Dex: 11    Spells: 13/16 levels left

rFire   . . .        a - +1 short sword (drain)
rCold   . . .        j - orb {*channel}
rNeg    . . .        d - +0 robe
rPois   .            (no helmet)
rElec   .            (no cloak)
rCorr   .            g - +0 pair of gloves
SInv    .            (no boots)
Will    .....        c - amulet "Inazat" {Fly Regen+}
Stlth   ++           (no ring)
HPRegen 1.08/turn    (no ring)
MPRegen 0.14/turn

%: channel magic (20%)
@: flying, hasted, very quick
A: hooves 1, foul stench 1, powered by death 2
a: Renounce Religion


You were on level 5 of the Dungeon.
You worshipped Dithmenos.
Dithmenos was noncommittal.
You visited 2 branches of the dungeon, and saw 6 of its levels.

You collected 208 gold pieces.

Inventory:

Hand Weapons
 a - a +1 short sword of draining (weapon)
Armour
 d - a +0 robe (worn)
 g - a +0 pair of gloves (worn)
 j - an orb of energy (worn)
Jewellery
 c - the amulet "Inazat" (around neck) {Fly Regen+}
   (You acquired it on level 1 of the Dungeon)

   [amulet of regeneration]

   Fly:       It grants you flight.
   Regen+:    It increases your rate of health regeneration.
Scrolls
 e - a scroll of teleportation
 l - a scroll of fog
 n - a scroll of noise
Potions
 b - a potion of magic
 f - a potion of curing {unknown}
 i - 2 potions of brilliance
 k - 2 potions of haste


   Skills:
 - Level 3.0 Fighting
 - Level 3.0 Dodging
 - Level 3.0 Stealth
 * Level 5.2 Spellcasting
 - Level 6.0 Conjurations


You had 13 spell levels left.
You knew the following spells:

 Your Spells              Type           Power      Damage    Failure   Level
a - Magic Dart            Conj           100%       1d8       5%          1
b - Searing Ray           Conj           58%        2d6       7%          2

Your spell library contained the following spells:

 Spells                   Type           Power      Damage    Failure   Level
 Fulminant Prism          Conj/Alch      8%         3d7       54%         4
 Iskenderun's Mystic Bla  Conj/Tloc      17%        2d5       54%         4


Dungeon Overview and Level Annotations

Branches:
Dungeon (5/15)             Temple (1/1) D:4

Altars:
Cheibriados
Dithmenos
Fedhas
Gozag
Hepliaklqana
Kikubaaqudgha
Qazlal
Trog
Uskayaw
Xom

Annotations:
D:5 Edmund


Innate Abilities, Weirdness & Mutations

You have large cloven feet.
You may rarely emit foul miasma when damaged in melee.
You regenerate health from kills.


Message History

The searing ray hits Edmund but does no damage.
Edmund is moderately wounded. (Press . to maintain the ray.) Edmund hits you with a +2 flail of protection!
The searing ray hits Edmund but does no damage.
Edmund is moderately wounded.
Edmund barely misses you.
The searing ray misses Edmund.
Edmund hits you with a +2 flail of protection!
A steam dragon comes into view.
The searing ray misses Edmund.
You finish channelling your searing ray.
Edmund hits you with a +2 flail of protection!
The searing ray hits Edmund but does no damage.
Edmund is moderately wounded. (Press . to maintain the ray.)
The steam dragon hisses angrily.
Edmund closely misses you.
The searing ray hits Edmund.
Edmund is heavily wounded.
Edmund hits you with a +2 flail of protection.
The searing ray hits Edmund.
Edmund is heavily wounded.
Edmund hits you with a +2 flail of protection!
The steam dragon breathes steam at you. The ball of steam hits you!
* * * LOW HITPOINT WARNING * * *
You are too injured to fight recklessly!
You feel yourself speed up.
You are engulfed in a cloud of scalding steam.
* * * LOW HITPOINT WARNING * * *
Edmund is engulfed in a cloud of scalding steam.
Edmund closely misses you.
Unknown command.
You are engulfed in a cloud of scalding steam.
* * * LOW HITPOINT WARNING * * *
You see here a +0 giant spiked club.
The steam dragon breathes steam at you. The ball of steam hits you!!
You die...

.##... ...
...... .. ......
.. .......##.
..........
.........#
.........#
........@#
........§##
........§.#
.......§..#
.......§..#
........###
.......D###
.....###).######
....# #@.@...§##


There were no monsters in sight!

Vanquished Creatures
  The ghost of arvianne the Sneak, an amateur KoBr (D:3)
  An ogre (D:5)
  A phantom (D:3)
  3 scorpions
  A howler monkey (D:4)
  A hound (D:3)
  A bombardier beetle (D:4)
  2 orc priests (D:4)
  3 gnolls
  6 adders
  2 ribbon worms (D:2)
  A dart slug (D:1)
  6 orcs (D:4)
  6 endoplasms
  4 giant cockroaches
  9 goblins
  7 hobgoblins
  7 jackals
  7 quokkas
  9 ball pythons
  7 bats
  4 frilled lizards
  7 kobolds
  11 rats
107 creatures vanquished.

Notes
Turn   | Place    | Note
-------+----------+-------------------------------------------
     0 | D:1      | Gabide the Demonspawn Conjurer began the quest for the Orb.
     0 | D:1      | Reached XP level 1. HP: 13/13 MP: 3/3
   396 | D:1      | Gained mutation: You regenerate a little health from kills.
                  | [demonic ancestry]
   396 | D:1      | Reached XP level 2. HP: 19/19 MP: 0/5
   927 | D:1      | Gained mutation: You regenerate health from kills. [demonic
                  | ancestry]
   927 | D:1      | Reached XP level 3. HP: 25/25 MP: 0/6
  2112 | D:1      | Identified a scroll of acquirement
  2112 | D:1      | Acquired the amulet "Inazat" {Fly Regen+}
  2169 | D:1      | Learned a level 2 spell: Searing Ray
  2221 | D:2      | Reached skill level 1 in Fighting
  2722 | D:3      | Found a hazy altar of Hepliaklqana.
  2920 | D:3      | Found an ancient bone altar of Kikubaaqudgha.
  2921 | D:3      | Found a blossoming altar of Fedhas.
  2955 | D:3      | Gained mutation: You have large cloven feet. [demonic
                  | ancestry]
  2955 | D:3      | Reached XP level 4. HP: 32/32 MP: 3/7
  3293 | D:3      | Found a large runed translucent door.
  3293 | D:3      | Found a large runed translucent door.
  3384 | D:3      | Noticed arvianne's ghost (amateur KoBr)
  3683 | D:3      | Killed arvianne's ghost
  3684 | D:3      | Reached XP level 5. HP: 35/37 MP: 1/9
  3940 | D:4      | Reached skill level 5 in Conjurations
  4108 | D:4      | Found a staircase to the Ecumenical Temple.
  4126 | D:4      | Gained mutation: You may rarely emit foul miasma when
                  | damaged in melee. [demonic ancestry]
  4126 | D:4      | Reached XP level 6. HP: 44/44 MP: 0/10
  4751 | D:4      | Reached XP level 7. HP: 21/51 MP: 1/13
  4773 | Temple   | Entered the Ecumenical Temple
  4860 | Temple   | Became a worshipper of Dithmenos the Shadowed
  4905 | D:3      | Reached skill level 6 in Conjurations
  5478 | D:5      | Entered Level 5 of the Dungeon
  5491 | D:5      | Reached skill level 5 in Spellcasting
  5574 | D:5      | Noticed Edmund
  5583 | D:5      | Noticed a steam dragon
  5599 | D:5      | Killed from afar by a steam dragon

Illustrated notes

Levels and vault maps discovered:
D:1:      dpeg_arrival_subterranean_lakeside_camping, layout_loops_ring
D:2:      layout_basic, nrook_loot_triangle
D:3:      layout_loops_ring, grunt_temple_overflow_growth_and_decay,
          nzn_hepliaklqana_mist_gate, ebering_ghost_disaster_area,
          kennysheep_generic_room_12
D:4:      minmay_skewed_foursquare, layout_basic, minmay_temple_entry_glass
D:5:      layout_cave_pods, mainiacjoe_overflow_brackets, serial_shops,
          nicolae_shop_overgrown_old_shop, serial_column_ruins,
          column_ruins_square_huge, column_ruins_grid_1,
          column_ruins_open_large, column_ruins_columns_straight,
          column_ruins_corridor_straight, column_ruins_grid_3, uniq_edmund,
          uniq_eustachio
Temple:   nicolae_temple_colour_theory

Skill      XL: |  1  2  3  4  5  6  7 |
---------------+----------------------+-----
Stealth        | 2 3 |  3.0
Dodging        | 2 3 |  3.0
Fighting       | 1 2 3 |  3.0
Spellcasting   | 3 4 5 |  5.2
Conjurations   | 5 6 |  6.0

Action                     |  1- 3 |  4- 6 |  7- 9 || total
---------------------------+-------+-------+-------++-------
  Melee: Unarmed           |     8 |       |       ||     8
         Short sword       |    13 |    18 |    14 ||    45
         Kick              |       |     5 |     3 ||     8
   Cast: Magic Dart        |   132 |    20 |       ||   152
         Searing Ray       |       |    25 |    18 ||    43
    Use: Scroll            |    10 |     2 |     1 ||    13
         Potion            |       |     1 |     2 ||     3
 Armour: Robe              |    14 |    63 |    33 ||   110
  Dodge: Dodged            |    19 |    67 |    37 ||   123
